Map: 天界封锁

Players

邀月

  • Race: Protoss Protoss
  • League: Master
  • Spawn Location: 7:00

二年级二班永亮

  • Race: Terran Terran
  • Spawn Location: 6:00

VOD

Have the link to the VOD?

Description

Time

  • Played on: Feb. 28, 2018, 2:15 a.m.
  • Length: 19:42
Show
View Real Time Build Order
Export as new Build Order

邀月 Protoss 

Build Orders:  

Get SALT Encoding   

  12  0:03  Probe (Chrono Boost)  
  13  0:16  Probe (Chrono Boost)  
  14  0:28  Probe (Chrono Boost)  
  15  0:39  Pylon  
  15  0:42  Probe (Chrono Boost)  
  15  0:47  Assimilator  
  16  0:54  Probe (Chrono Boost)  
  17  1:05  Probe (Chrono Boost)  
  17  1:09  Robotics Facility  
  18  1:17  Probe (Chrono Boost)  
  19  1:22  Assimilator  
  19  1:29  Probe (Chrono Boost)  
  20  1:41  Probe (Chrono Boost)  
  20  1:47  Robotics Bay  
  21  1:53  Probe (Chrono Boost)  
  21  1:58  Immortal  
  22  2:05  Probe (Chrono Boost)  
  27  2:26  Taldarin's A.I. Personality  
  28  2:34  Probe (Chrono Boost)  
  28  2:36  Forge  
  28  2:47  Colossus  
  29  2:51  Probe (Chrono Boost)  
  35  3:16  Probe (Chrono Boost)  
  36  3:32  Warbringer's A.I. Personality  
  36  3:37  Purifier Armaments  
  37  3:42  Gravimetric Overload  
  36  3:50  Nexus  
  36  4:10  Stargate  
  37  4:33  Probe (Chrono Boost)  
  37  4:35  Fleet Beacon  
  37  4:46  Purification Blast  
  38  4:50  Probe (Chrono Boost)  
  38  5:07  Probe (Chrono Boost)  
  40  5:21  Scout  
  40  5:22  Mojo's A.I. Personality  
  40  5:24  Probe (Chrono Boost)  
  43  5:30  Pylon  
  44  5:41  Probe (Chrono Boost)  
  44  5:51  Probe (Chrono Boost)  
  45  6:01  Carrier  
  45  6:03  Probe (Chrono Boost)  
  45  6:08  Probe (Chrono Boost)  
  53  6:11  Observer  
  53  6:16  Probe (Chrono Boost)  
  56  6:22  Clolarion's A.I. Personality  
  56  6:24  Cybernetics Core  
  56  6:25  Probe (Chrono Boost)  
  56  6:27  Probe (Chrono Boost)  
  58  6:42  Probe (Chrono Boost)  
  58  6:56  Probe (Chrono Boost)  
  60  7:01  Assimilator, Probe (Chrono Boost)  
  60  7:06  Assimilator  
  60  7:07  Probe (Chrono Boost)  
  61  7:15  Gateway, Warp Gate  
  61  7:17  Gateway  
  61  7:18  Probe (Chrono Boost)  
  61  7:19  Probe (Chrono Boost)  
  63  7:21  Twilight Council  
  63  7:23  Pylon  
  63  7:28  Interdictors  
  64  7:31  Probe (Chrono Boost)  
  64  7:35  Probe (Chrono Boost)  
  65  7:44  Probe (Chrono Boost)  
  67  7:54  Probe (Chrono Boost)  
  67  7:57  Pylon  
  68  8:01  Probe (Chrono Boost)  
  68  8:03  Talis' A.I. Personality  
  68  8:04  Gateway  
  68  8:06  Pylon  
  68  8:45  Gateway, Psionic Projection  
  68  8:46  Scout  
  68  8:47  Probe x2 (Chrono Boost)  
  70  8:58  Gateway  
  70  9:01  Gateway  
  70  9:08  Suppression Procedure  
  70  9:17  Conservator  
  70  9:19  Conservator, Probe (Chrono Boost)  
  75  9:22  Gateway  
  75  9:23  Scout  
  75  9:26  Gateway  
  78  9:50  Combat Sensor Array  
  80  10:02  Probe x2 (Chrono Boost)  
  80  10:11  Adept x3  
  80  10:16  Pylon  
  86  10:28  Conservator  
  86  10:32  Graviton Catapult  
  86  10:38  Adept x2  
  87  10:51  Legionnaire x2  
  87  10:54  Pylon  
  87  10:57  Pylon  
  93  11:27  Pylon  
  94  11:30  Probe (Chrono Boost)  
  94  11:37  Conservator  
  94  11:45  Debilitation System  
  94  11:48  Immortal, Kaldalis' A.I. Personality  
  95  11:51  Carrier  
  95  11:54  Legionnaire x3  
  95  11:55  Legionnaire  
  110  12:14  Conservator  
  110  12:18  Adept, Legionnaire x3  
  115  12:31  Observer  
  103  12:44  Legionnaire x4  
  103  12:45  Legionnaire  
  109  13:10  Adept x2  
  109  13:11  Legionnaire x3  
  109  13:16  Observer  
  122  13:27  Conservator  
  121  13:32  Probe (Chrono Boost)  
  122  13:41  Pylon  
  122  13:42  Probe (Chrono Boost)  
  122  13:43  Pylon  
  122  13:47  Protoss Ground Weapons Level 1, Pylon  
  122  14:10  Carrier, Pylon  
  122  14:13  Pylon  
  122  14:15  Pylon  
  122  14:16  Pylon  
  123  14:32  Adept x4  
  128  14:44  Pylon  
  128  14:45  Colossus  
  127  14:59  Conservator  
  123  15:02  Legionnaire  
  123  15:03  Legionnaire  
  123  15:06  Pylon  
  129  15:15  Forge  
  129  15:17  Cybernetics Core  
  127  15:27  Legionnaire x2  
  127  15:28  Adept x2, Legionnaire x2  
  143  15:33  Pylon  
  139  15:41  Conservator  
  135  15:55  Immortal  
  135  15:59  Pylon  
  121  16:10  Carrier  
  128  16:23  Adept x3  
  128  16:24  Legionnaire x3  
  128  16:27  Observation Protocol  
  124  16:52  Adept x4  
  121  17:16  Legionnaire x3  
  116  17:57  Legionnaire x3  
  116  17:58  Legionnaire x2  
  122  18:10  Scout  
  119  18:28  Pylon  
Show
View Real Time Build Order
Export as new Build Order

二年级二班永亮 Terran 

Build Orders:  

Get SALT Encoding   

  11  8:42  SCV  
  12  8:59  SCV  
  13  9:16  SCV  
  14  9:33  SCV  
  15  12:49  SCV  
Tags
 
Commander
FenixRaynor
League
Master
Matchup
Co-op
Replay Pack
Co-op Speedrun
Add a new tag
Caveats
  • Supply blocks, unpowered buildings, or Contaminate may cause inaccurate times.
  • Supply counts are checked every 10 seconds.